 Dungeon Sprint DCSS version 0.31-a0-841-g038b102fc3 (webtiles) character file.

Game seed: 13035062533667386495

522 sircluck the Grappler (level 7, -4/79 HPs)
             Began as a Troll Berserker on Sept 27, 2023.
             Was a Believer of Trog.
             Slain by a black mamba (10 damage)
             ... in the Dungeon (Sprint VII: "The Pits").
             The game lasted 00:00:16 (35 turns).

sircluck the Grappler (Troll Berserker)               Turns: 35, Time: 00:00:16

Health: -4/79      AC:  4    Str: 28    XL:     7   Next: 1%
Magic:  6/6        EV: 11    Int:  3    God:    Trog [**....]
Gold:   0          SH:  0    Dex:  9    Spells: 6/6 levels left

rFire   . .          .
                       - Unarmed
rCold   . . .        (no shield)
rNeg    . . .        a - +0 animal skin
rPois   .            (helmet restricted)
rElec   .            (no cloak)
rCorr   .            (gloves unavailable)
SInv    .            (boots unavailable)
Will    .....        (no amulet)
Stlth   +            (no ring)
HPRegen 1.13/turn    (no ring)
MPRegen 0.10/turn

%: no teleportation
@: lethally poisoned (-4 -> -5), on berserk cooldown, slowed, very slow
A: large, unfitting armour, claws 3, regeneration 1, shaggy fur 1, tough skin 1
a: Renounce Religion, Berserk, Trog's Hand


You were in the Dungeon.
You worshipped Trog.
Trog was pleased with you.
You visited 1 branch

Inventory:

Armour
 a - a +0 animal skin (worn)
Scrolls
 g - a scroll of blinking
Potions
 b - a potion of curing
 c - a potion of heal wounds
 d - a potion of haste
 e - 2 potions of magic
 f - a potion of berserk rage


   Skills:
 + Level 7.8 Fighting
 + Level 7.7 Dodging
 + Level 9.2 Unarmed Combat


You had 6 spell levels left.
You didn't know any spells.
Your spell library was empty.

Dungeon Overview and Level Annotations

Branches:
Dungeon (1/1)

Altars:


Innate Abilities, Weirdness & Mutations

You are too large for most types of armour.
You have claws for hands.
Your natural rate of healing is unusually fast.
You are covered in fur. (AC +1)
You have tough skin. (AC +1)


Message History

Trog appreciates your killing of a magic user.
You can now call upon Trog for regeneration and willpower.
You are no longer berserk.
You are exhausted.
You feel yourself slow down.
Your Fighting skill gained 4 levels and is now at level 7!
Your Dodging skill gained 4 levels and is now at level 7!
Your Unarmed Combat skill gained 6 levels and is now at level 9!
You have reached level 3!
Your experience leads to an increase in your attributes!
Increase (S)trength, (I)ntelligence, or (D)exterity?
You feel stronger. x3
You have reached level 4!
You have reached level 5!
You have reached level 6!
You feel stronger.
You have reached level 7!
Unknown command.
The black mamba bites you!
You mangle the black mamba!!
The black mamba is heavily wounded.
The black mamba bites you.
You are poisoned.
The black mamba poisons you! The black mamba closely misses you.
The black mamba bites you!
You barely miss the black mamba.
The black mamba is heavily wounded.
You feel very sick. The black mamba barely misses you.
The black mamba bites you!
* * * LOW HITPOINT WARNING * * *
You barely miss the black mamba.
The black mamba is heavily wounded.
You feel very sick. The black mamba bites you.
* * * LOW HITPOINT WARNING * * *
The black mamba closely misses you.
You scratch the black mamba.
The black mamba is severely wounded.
You feel sick. The black mamba bites you!
You die...

#................+
+................+
#......#..#......#
#................#
####'#####''######
#.......##''#
#.......##..##
#.......##...##
#...<...###@..#
#.......#
##S......
#.......# ..###+##
#.......# .##
######### Sn ..
##.


You could see a black mamba.

Vanquished Creatures
  A bog body (D)
  An adder (D)
2 creatures vanquished.

Notes
Turn   | Place    | Note
-------+----------+-------------------------------------------
     0 | D        | sircluck the Troll Berserker began the quest for the Orb.
     0 | D        | Reached XP level 1. HP: 22/22 MP: 0/0
    19 | D        | Noticed a bog body
    20 | D        | Noticed a black mamba
    24 | D        | Reached XP level 2. HP: 31/31 MP: 1/1
    30 | D        | Killed a bog body
    30 | D        | Reached ** piety under Trog
    31 | D        | Reached skill level 9 in Unarmed Combat
    31 | D        | Reached XP level 3. HP: 30/48 MP: 2/2
    31 | D        | Reached XP level 4. HP: 35/57 MP: 3/3
    31 | D        | Reached XP level 5. HP: 39/63 MP: 4/4
    31 | D        | Reached XP level 6. HP: 45/72 MP: 5/5
    31 | D        | Reached XP level 7. HP: 49/79 MP: 6/6
    35 | D        | Slain by a black mamba

Illustrated notes

Levels and vault maps discovered:
D:        pitsprint [storerooms_1, entrance_room_1, metal_vault_5, armoury_3,
          mini_pit_1, grid_room_1, main_hall_1, silver_pit, the_coven_3,
          the_vestibule_1, steel_vault_1, golden_pit, hallway_of_sentries,
          crystal_vault_2, iron_vault_1, final_vault]

Skill      XL: |  1  2 |
---------------+-------+-----
Fighting       | 3 7 |  7.8
Dodging        | 3 7 |  7.7
Unarmed Combat | 9 |  9.2

Action                     |  1- 3 |  4- 6 |  7- 9 || total
---------------------------+-------+-------+-------++-------
  Melee: Unarmed           |     7 |       |     4 ||    11
 Invoke: Berserk           |     1 |       |       ||     1
 Armour: Animal skin       |     2 |       |     6 ||     8
  Dodge: Dodged            |     1 |       |     3 ||     4

Table legend: (Time is in decaauts)
 A = Elapsed time spent in this place.
 B = Non-inter-level travel time spent in this place.
 C = Inter-level travel time spent in this place.
 D = Time resting spent in this place.
 E = Time spent auto-exploring this place.
 F = Levels seen in this place.
 G = Mean time per level.
                   A        B        C        D        E       F      G
               +--------+--------+--------+--------+--------+-----+--------+
         Total |     33 |     33 |      0 |      0 |     11 |   1 |   33.0 |
       Dungeon |     33 |     33 |      0 |      0 |     11 |   1 |   33.0 |
               +--------+--------+--------+--------+--------+-----+--------+

Top non-repeatable levels by time:
       D: 33 daAuts
